Atlantic City Gamblers vs Edmonton Oil Kings
Created - Sunday, June 11, 2023 at 07:52
Goals
|
| Atlantic City Gamblers |
0 |
3 |
2 |
5 |
| Edmonton Oil Kings |
1 |
0 |
0 |
1 |
|
Shots
|
| Atlantic City Gamblers |
3 |
14 |
12 |
29 |
| Edmonton Oil Kings |
11 |
22 |
9 |
42 |
|
1st period
1. Edmonton Oil Kings , Filip Zadina 38 (Noah Gregor 43, Dylan Holloway 9) at 3:49 (PP)
Penalties :
Michael Vukojevic (ACG) for Charging (Minor) at 3:40, Nils Hoglander (ACG) for Hooking (Minor) at 8:05
2nd period
2. Atlantic City Gamblers , Nils Hoglander 40 (Luke Kunin 62, Ty Smith 23) at 2:28
3. Atlantic City Gamblers , Xavier Bernard 2 (Nick Henry 4, Ronald Attard 23) at 7:53
4. Atlantic City Gamblers , Yegor Chinakhov 32 (Alex Beaucage 8, Egor Sokolov 19) at 17:07
Penalties :
Kale Clague (EOK) for Tripping (Minor) at 4:18
3rd period
5. Atlantic City Gamblers , Nick Henry 4 (Ronald Attard 24, Cam Dineen 16) at 2:49
6. Atlantic City Gamblers , Yegor Chinakhov 33 (Ronald Attard 25) at 3:01
Penalties :
Callan Foote (ACG) for Tripping (Minor) at 16:17, Nils Hoglander (ACG) for High sticking (Minor) at 16:28
Goalie Stats
Isaiah Saville (ACG), 41 saves from 42 shots - (0.976), W, 12-16-4, 60:00 minutes
Adam Huska (EOK), 24 saves from 29 shots - (0.828), L, 19-16-1, 60:00 minutes
Players Stats for Atlantic City Gamblers
Player Name G A P +/- PIM S H SB GA TA FO MP PP MP PK MP
------------------------------------------------------------------------------------
Alex Beaucage 0 1 1 0 0 1 0 0 0 0 2/2 13:43 0:03 0:00
Boris Katchouk 0 0 0 2 0 2 2 0 1 1 0/0 16:38 0:56 0:00
Callan Foote 0 0 0 1 2 0 3 0 0 0 0/0 20:24 1:07 1:13
Cam Dineen 0 1 1 3 0 1 0 2 0 0 0/0 21:40 0:52 1:55
Cody Glass 0 0 0 1 0 2 0 2 1 0 0/0 17:41 1:00 1:58
Egor Sokolov 0 1 1 0 0 3 1 1 3 0 0/0 13:54 0:03 0:30
Jakub Lauko 0 0 0 0 0 1 3 2 0 0 5/9 14:04 0:00 1:00
Jean-Luc Foudy 0 0 0 2 0 0 1 0 0 1 8/14 16:33 0:56 0:00
Layton Ahac 0 0 0 2 0 0 0 2 0 0 0/0 10:18 0:00 0:00
Luke Kunin 0 1 1 1 0 2 3 1 0 0 6/18 17:48 1:00 1:57
Michael Vukojevic 0 0 0 1 2 0 1 3 1 0 0/0 17:01 0:00 1:08
Nick Henry 1 1 2 2 0 1 2 0 0 0 0/1 10:45 0:03 0:00
Nils Hoglander 1 0 1 1 4 3 0 0 0 0 0/1 16:11 1:00 0:07
Ronald Attard 0 3 3 3 0 4 3 2 1 1 0/0 21:46 0:52 1:55
Thomas Harley 0 0 0 1 0 1 0 0 0 0 0/0 16:04 0:00 0:00
Ty Smith 0 1 1 1 0 1 0 2 1 0 0/0 21:30 1:07 2:23
Xavier Bernard 1 0 1 2 0 1 1 0 0 0 0/1 10:20 0:00 0:06
Yegor Chinakhov 2 0 2 2 0 6 2 1 1 1 0/2 17:30 0:56 1:11
Players Stats for Edmonton Oil Kings
Player Name G A P +/- PIM S H SB GA TA FO MP PP MP PK MP
------------------------------------------------------------------------------------
Brett Kulak 0 0 0 -3 0 0 2 2 0 0 0/0 20:25 2:06 0:52
Connor McMichael 0 0 0 -1 0 1 0 0 0 0 0/0 9:49 0:00 0:00
Dawson Mercer 0 0 0 0 0 4 0 1 0 1 0/0 18:03 2:16 0:59
Dillon Dube 0 0 0 -3 0 4 2 2 1 0 1/1 17:57 2:16 0:00
Dylan Holloway 0 1 1 -3 0 2 1 0 0 0 14/22 17:09 1:55 0:00
Filip Zadina 1 0 1 0 0 4 1 0 0 0 1/1 16:52 2:02 0:00
Gabriel Carlsson 0 0 0 -1 0 2 1 1 0 1 0/0 18:16 0:26 0:00
Jack Johnson 0 0 0 -1 0 2 0 0 0 0 0/0 19:24 0:00 0:52
Joey Anderson 0 0 0 -1 0 5 1 0 0 0 0/0 15:46 2:06 0:00
Josh Mahura 0 0 0 -1 0 0 1 1 0 1 0/0 18:36 0:00 1:07
Kale Clague 0 0 0 -3 2 1 0 2 0 0 0/0 19:48 2:12 0:00
Mackenzie Entwistle 0 0 0 -1 0 1 2 0 0 2 0/1 11:20 0:07 1:00
Mark Pysyk 0 0 0 -1 0 4 1 3 0 1 0/0 21:14 1:46 1:07
Morgan Barron 0 0 0 -1 0 4 1 1 0 0 0/0 13:30 0:00 0:00
Nikita Alexandrov 0 0 0 -1 0 0 1 0 0 0 1/3 9:44 0:00 0:00
Noah Gregor 0 1 1 -3 0 5 2 0 3 1 1/2 18:32 2:02 0:59
Ryan McLeod 0 0 0 0 0 2 0 1 0 1 5/12 18:01 2:16 1:00
Tyler Angle 0 0 0 -1 0 1 1 0 0 1 4/6 13:34 0:00 0:00
3 Stars
1 - Isaiah Saville (ACG)
2 - Yegor Chinakhov (ACG)
3 - Ronald Attard (ACG)
Power Play
Atlantic City Gamblers - 0 on 1 Attempt(s) - 0.00%
Edmonton Oil Kings - 1 on 4 Attempt(s) - 25.00%
Penalty Kill
Atlantic City Gamblers - 3 on 4 Attempt(s) - 75.00%
- Score 0 goal in Penalty Kill
Edmonton Oil Kings - 1 on 1 Attempt(s) - 100.00%
- Score 0 goal in Penalty Kill
Team Stat
Atlantic City Gamblers - Hits : 22 - Faceoff Wins : 21 - Blocked Shots : 18 - Penalty Minutes : 8
Edmonton Oil Kings - Hits : 17 - Faceoff Wins : 27 - Blocked Shots : 14 - Penalty Minutes : 2
Official
Referees : Dan O'Halloran and Eric Furlatt
Linesman : Devin Berg and Steve Barton
Game Notes
No Game Note
Atlantic City Gamblers
5 vs 5 Forward
Center Left Wing Right Wing Time % Phy DF OF
1 Luke Kunin Nils Hoglander Cody Glass 30 1 2 2
2 Jean-Luc Foudy Boris Katchouk Yegor Chinakhov 30 1 2 2
3 Jakub Lauko Egor Sokolov Alex Beaucage 25 1 2 2
4 Nick Henry Layton Ahac Xavier Bernard 15 1 2 2
5 vs 5 Defense
Defense Defense Time % Phy DF OF
1 Ty Smith Callan Foote 35 1 2 2
2 Ronald Attard Cam Dineen 35 1 2 2
3 Thomas Harley Michael Vukojevic 30 1 2 2
4 Ty Smith Callan Foote 0 1 2 2
PowerPlay Forward
Center Left Wing Right Wing Time % Phy DF OF
1 Luke Kunin Nils Hoglander Cody Glass 50 1 2 2
2 Jean-Luc Foudy Boris Katchouk Yegor Chinakhov 50 1 2 2
PowerPlay Defense
Defense Defense Time % Phy DF OF
1 Ty Smith Callan Foote 50 1 2 2
2 Ronald Attard Cam Dineen 50 1 2 2
Penalty Kill 4 Players Forward
Center Wing Time % Phy DF OF
1 Luke Kunin Cody Glass 50 1 2 2
2 Nils Hoglander Yegor Chinakhov 50 1 2 2
Penalty Kill 4 Players Defense
Defense Defense Time % Phy DF OF
1 Ty Smith Callan Foote 50 1 2 2
2 Ronald Attard Cam Dineen 50 1 2 2
Penalty Kill - 3 Players Forward
Forward Time % Phy DF OF
1 Luke Kunin 50 1 2 2
2 Cody Glass 50 1 2 2
Penalty Kill - 3 Players Defense
Defense Defense Time % Phy DF OF
1 Ty Smith Callan Foote 50 1 2 2
2 Ronald Attard Cam Dineen 50 1 2 2
4 vs 4 Forward
Center Wing Time % Phy DF OF
1 Luke Kunin Cody Glass 50 1 2 2
2 Nils Hoglander Yegor Chinakhov 50 1 2 2
4 vs 4 Defense
Defense Defense Time % Phy DF OF
1 Ty Smith Callan Foote 50 1 2 2
2 Ronald Attard Cam Dineen 50 1 2 2
Last Minutes Offensive
Center Left Wing Right Wing Defense Defense
Luke Kunin Nils Hoglander Cody Glass Ty Smith Callan Foote
Last Minutes Defensive
Center Left Wing Right Wing Defense Defense
Luke Kunin Nils Hoglander Cody Glass Ty Smith Callan Foote
Goaltenders
Starting : Isaiah Saville
Backup : Tuukka Rask
Extra Forwards
Normal : Egor Sokolov, Alex Beaucage, Jakub Lauko - PP : Egor Sokolov, Alex Beaucage - PK : Jakub Lauko
Extra Defensemen
Normal : Thomas Harley, Michael Vukojevic, Xavier Bernard - PP : Thomas Harley - PK : Michael Vukojevic, Xavier Bernard
Penalty Shots
Luke Kunin, Cody Glass, Nils Hoglander, Yegor Chinakhov, Boris Katchouk
Edmonton Oil Kings
5 vs 5 Forward
Center Left Wing Right Wing Time % Phy DF OF
1 Ryan McLeod Filip Zadina Dawson Mercer 30 0 2 3
2 Dylan Holloway Noah Gregor Dillon Dube 30 0 2 3
3 Tyler Angle Morgan Barron Joey Anderson 25 1 2 2
4 Nikita Alexandrov Connor McMichael Mackenzie Entwistle 15 1 2 2
5 vs 5 Defense
Defense Defense Time % Phy DF OF
1 Jack Johnson Gabriel Carlsson 34 1 4 0
2 Brett Kulak Kale Clague 33 1 3 1
3 Mark Pysyk Josh Mahura 33 1 3 1
4 Jack Johnson Brett Kulak 0 1 4 0
PowerPlay Forward
Center Left Wing Right Wing Time % Phy DF OF
1 Ryan McLeod Dillon Dube Dawson Mercer 55 0 0 5
2 Dylan Holloway Noah Gregor Filip Zadina 45 0 0 5
PowerPlay Defense
Defense Defense Time % Phy DF OF
1 Brett Kulak Joey Anderson 50 0 1 4
2 Kale Clague Mark Pysyk 50 0 1 4
Penalty Kill 4 Players Forward
Center Wing Time % Phy DF OF
1 Ryan McLeod Mackenzie Entwistle 50 1 4 0
2 Dawson Mercer Noah Gregor 50 1 4 0
Penalty Kill 4 Players Defense
Defense Defense Time % Phy DF OF
1 Jack Johnson Brett Kulak 50 1 4 0
2 Mark Pysyk Josh Mahura 50 1 4 0
Penalty Kill - 3 Players Forward
Forward Time % Phy DF OF
1 Ryan McLeod 50 1 4 0
2 Mackenzie Entwistle 50 1 4 0
Penalty Kill - 3 Players Defense
Defense Defense Time % Phy DF OF
1 Jack Johnson Brett Kulak 50 1 4 0
2 Mark Pysyk Josh Mahura 50 1 4 0
4 vs 4 Forward
Center Wing Time % Phy DF OF
1 Ryan McLeod Dawson Mercer 50 0 1 4
2 Dillon Dube Filip Zadina 50 0 1 4
4 vs 4 Defense
Defense Defense Time % Phy DF OF
1 Brett Kulak Mark Pysyk 50 1 3 1
2 Jack Johnson Gabriel Carlsson 50 1 4 0
Last Minutes Offensive
Center Left Wing Right Wing Defense Defense
Ryan McLeod Dillon Dube Dawson Mercer Jack Johnson Brett Kulak
Last Minutes Defensive
Center Left Wing Right Wing Defense Defense
Ryan McLeod Noah Gregor Mackenzie Entwistle Jack Johnson Mark Pysyk
Goaltenders
Starting : Adam Huska
Backup : Karel Vejmelka
Extra Forwards
Normal : Dillon Dube, Dawson Mercer, Filip Zadina - PP : Mackenzie Entwistle, Nikita Alexandrov - PK : Noah Gregor
Extra Defensemen
Normal : Brett Kulak, Mark Pysyk, Jack Johnson - PP : Gabriel Carlsson - PK : Mark Pysyk, Jack Johnson
Penalty Shots
Dillon Dube, Dawson Mercer, Joey Anderson, Filip Zadina, Morgan Barron
% Time on Ice - Atlantic City Gamblers
Lines # - Real PCT - Wanted PCT - Time Play
Normal Forward
1 - 28% - 30% - 15:06
2 - 29% - 30% - 15:36
3 - 23% - 25% - 12:34
4 - 19% - 15% - 10:27
Normal Defense
1 - 34% - 35% - 18:26
2 - 35% - 35% - 18:50
3 - 30% - 30% - 16:12
4 - 0% - 0% - 0:15
PP Forward
1 - 53% - 50% - 1:03
2 - 47% - 50% - 0:56
PP Defense
1 - 56% - 50% - 1:07
2 - 44% - 50% - 0:52
PK Forward
1 - 33% - 50% - 0:49
2 - 67% - 50% - 1:41
PK Defense
1 - 53% - 50% - 1:20
2 - 47% - 50% - 1:10
PK3 Forward
1 - 56% - 50% - 1:00
2 - 44% - 50% - 0:48
PK3 Defense
1 - 58% - 50% - 1:03
2 - 42% - 50% - 0:45
44 Forward
1 - 0% - 50%
2 - 0% - 50%
44 Defense
1 - 0% - 50%
2 - 0% - 50%
Last Minute Offensive - 0:00
Last Minute Defensive - 0:00
Total
Forward - 60:00
Defense - 60:00
|
% Time on Ice - Edmonton Oil Kings
Lines # - Real PCT - Wanted PCT - Time Play
Normal Forward
1 - 28% - 30% - 15:09
2 - 28% - 30% - 15:18
3 - 25% - 25% - 13:33
4 - 18% - 15% - 9:43
Normal Defense
1 - 33% - 34% - 17:47
2 - 33% - 33% - 17:41
3 - 32% - 33% - 17:20
4 - 2% - 0% - 0:55
PP Forward
1 - 53% - 55% - 2:16
2 - 47% - 45% - 2:02
PP Defense
1 - 49% - 50% - 2:06
2 - 51% - 50% - 2:12
PK Forward
1 - 50% - 50% - 1:00
2 - 50% - 50% - 0:59
PK Defense
1 - 44% - 50% - 0:52
2 - 56% - 50% - 1:07
PK3 Forward
1 - 0% - 50%
2 - 0% - 50%
PK3 Defense
1 - 0% - 50%
2 - 0% - 50%
44 Forward
1 - 0% - 50%
2 - 0% - 50%
44 Defense
1 - 0% - 50%
2 - 0% - 50%
Last Minute Offensive - 0:00
Last Minute Defensive - 0:00
Total
Forward - 60:00
Defense - 60:00
|
Play-by-Play
1st period
0:01 of 1st period - Ryan McLeod wins face-off versus Luke Kunin in neutral zone.
0:08 of 1st period - Snap shot by Dawson Mercer.
0:08 of 1st period - Stopped by Isaiah Saville with a rebound.
0:10 of 1st period - Slapshot by Filip Zadina.
0:10 of 1st period - Shot Misses the Net.
0:12 of 1st period - Slapshot by Jack Johnson.
0:12 of 1st period - Shot Blocked by Luke Kunin.
0:14 of 1st period - Slapshot by Ryan McLeod.
0:14 of 1st period - Shot Blocked by Cody Glass.
0:16 of 1st period - Snap shot by Ryan McLeod.
0:16 of 1st period - Shot Blocked by Ty Smith.
0:41 of 1st period - Gabriel Carlsson is hit by Yegor Chinakhov and loses puck.
0:56 of 1st period - Wrist shot by Morgan Barron.
0:56 of 1st period - Shot Blocked by Cam Dineen.
2:15 of 1st period - Jakub Lauko is hit by Dillon Dube and loses puck.
2:43 of 1st period - Brett Kulak is hit by Nick Henry.
2:44 of 1st period - Icing by Brett Kulak.
2:45 of 1st period - Ryan McLeod wins face-off versus Luke Kunin in Edmonton Oil Kings zone.
3:31 of 1st period - Snap shot by Filip Zadina.
3:31 of 1st period - Stopped by Isaiah Saville without a rebound.
3:32 of 1st period - Dylan Holloway wins face-off versus Yegor Chinakhov in Atlantic City Gamblers zone.
3:40 of 1st period - Minor Penalty to Michael Vukojevic for Charging.
3:41 of 1st period - Dylan Holloway wins face-off versus Luke Kunin in Atlantic City Gamblers zone.
3:49 of 1st period - Slapshot by Filip Zadina.
3:49 of 1st period - Goal by Filip Zadina - Atlantic City Gamblers : 0 - Edmonton Oil Kings : 1.
3:50 of 1st period - Tyler Angle wins face-off versus Jean-Luc Foudy in neutral zone.
3:53 of 1st period - Snap shot by Tyler Angle.
3:53 of 1st period - Stopped by Isaiah Saville with a rebound.
4:03 of 1st period - Snap shot by Boris Katchouk.
4:03 of 1st period - Shot Blocked by Brett Kulak.
4:17 of 1st period - Luke Kunin is hit by Brett Kulak and loses puck.
4:54 of 1st period - Dawson Mercer is hit by Yegor Chinakhov and loses puck.
5:05 of 1st period - Ryan McLeod is hit by Boris Katchouk and loses puck.
5:38 of 1st period - Dylan Holloway is hit by Ronald Attard and loses puck.
6:23 of 1st period - Wrist shot by Filip Zadina.
6:23 of 1st period - Stopped by Isaiah Saville with a rebound.
6:25 of 1st period - Wrist shot by Mark Pysyk.
6:25 of 1st period - Stopped by Isaiah Saville with a rebound.
6:39 of 1st period - Snap shot by Egor Sokolov.
6:39 of 1st period - Shot Misses the Net.
6:41 of 1st period - Slapshot by Thomas Harley.
6:41 of 1st period - Stopped by Adam Huska with a rebound.
6:43 of 1st period - Snap shot by Egor Sokolov.
6:43 of 1st period - Shot Blocked by Mark Pysyk.
7:29 of 1st period - Icing by Josh Mahura.
7:30 of 1st period - Jean-Luc Foudy wins face-off versus Nikita Alexandrov in Edmonton Oil Kings zone.
7:41 of 1st period - Slapshot by Boris Katchouk.
7:41 of 1st period - Shot Blocked by Mark Pysyk.
7:55 of 1st period - Noah Gregor is hit by Luke Kunin and loses puck.
8:05 of 1st period - Minor Penalty to Nils Hoglander for Hooking.
8:06 of 1st period - Ryan McLeod wins face-off versus Jakub Lauko in Atlantic City Gamblers zone.
9:01 of 1st period - Jakub Lauko is hit by Dillon Dube and loses puck.
9:17 of 1st period - Ty Smith is hit by Dylan Holloway and loses puck.
10:05 of 1st period - Penalty to Nils Hoglander is over, Nils Hoglander is back on ice.
10:17 of 1st period - Wrist shot by Thomas Harley.
10:17 of 1st period - Shot Blocked by Mark Pysyk.
10:21 of 1st period - Slapshot by Thomas Harley.
10:21 of 1st period - Shot Misses the Net.
10:23 of 1st period - Slapshot by Xavier Bernard.
10:23 of 1st period - Shot Hit the Post.
10:27 of 1st period - Snap shot by Thomas Harley.
10:27 of 1st period - Shot Misses the Net.
11:50 of 1st period - Luke Kunin is hit by Noah Gregor and loses puck.
12:54 of 1st period - Off-side.
12:55 of 1st period - Alex Beaucage wins face-off versus Nikita Alexandrov in neutral zone.
12:57 of 1st period - Off-side.
12:58 of 1st period - Jakub Lauko wins face-off versus Mackenzie Entwistle in neutral zone.
13:19 of 1st period - Nikita Alexandrov is hit by Jakub Lauko and loses puck.
13:39 of 1st period - Michael Vukojevic is hit by Mackenzie Entwistle and loses puck.
13:48 of 1st period - Backhand shot by Egor Sokolov.
13:48 of 1st period - Deflect By Jakub Lauko.
13:48 of 1st period - Shot Misses the Net.
13:48 of 1st period - Puck is out of play.
13:49 of 1st period - Noah Gregor wins face-off versus Luke Kunin in Edmonton Oil Kings zone.
13:49 of 1st period - Noah Gregor is hit by Luke Kunin.
14:45 of 1st period - Slapshot by Callan Foote.
14:45 of 1st period - Shot Misses the Net.
15:00 of 1st period - Slapshot by Dawson Mercer.
15:00 of 1st period - Stopped by Isaiah Saville with a rebound.
15:02 of 1st period - Slapshot by Ryan McLeod.
15:02 of 1st period - Stopped by Isaiah Saville with a rebound.
15:04 of 1st period - Snap shot by Mark Pysyk.
15:04 of 1st period - Shot Misses the Net.
15:14 of 1st period - Wrist shot by Filip Zadina.
15:14 of 1st period - Stopped by Isaiah Saville without a rebound.
15:15 of 1st period - Dylan Holloway wins face-off versus Jean-Luc Foudy in Atlantic City Gamblers zone.
15:43 of 1st period - Ronald Attard is hit by Joey Anderson.
16:09 of 1st period - Snap shot by Cody Glass.
16:09 of 1st period - Deflect By Brett Kulak.
16:09 of 1st period - Stopped by Adam Huska with a rebound.
16:21 of 1st period - Wrist shot by Ronald Attard.
16:21 of 1st period - Stopped by Adam Huska with a rebound.
17:16 of 1st period - Ronald Attard is hit by Gabriel Carlsson and loses puck.
18:32 of 1st period - Wrist shot by Tyler Angle.
18:32 of 1st period - Shot Blocked by Layton Ahac.
19:03 of 1st period - Ty Smith is hit by Nikita Alexandrov and loses puck.
19:16 of 1st period - Slapshot by Dawson Mercer.
19:16 of 1st period - Shot Misses the Net.
19:18 of 1st period - Slapshot by Gabriel Carlsson.
19:18 of 1st period - Stopped by Isaiah Saville with a rebound.
19:20 of 1st period - Snap shot by Dawson Mercer.
19:20 of 1st period - Stopped by Isaiah Saville with a rebound.
19:22 of 1st period - Slapshot by Filip Zadina.
19:22 of 1st period - Shot Misses the Net.
19:32 of 1st period - Boris Katchouk is hit by Tyler Angle and loses puck.
Goals for this period are 0 for Atlantic City Gamblers vs 1 for Edmonton Oil Kings.
Shots for this period are 3 for Atlantic City Gamblers vs 11 for Edmonton Oil Kings.
2nd period
0:01 of 2nd period - Dylan Holloway wins face-off versus Luke Kunin in neutral zone.
0:35 of 2nd period - Snap shot by Dawson Mercer.
0:35 of 2nd period - Shot Misses the Net.
0:37 of 2nd period - Slapshot by Jack Johnson.
0:37 of 2nd period - Shot Blocked by Jakub Lauko.
0:51 of 2nd period - Snap shot by Morgan Barron.
0:51 of 2nd period - Stopped by Isaiah Saville with a rebound.
2:10 of 2nd period - Snap shot by Egor Sokolov.
2:10 of 2nd period - Shot Blocked by Morgan Barron.
2:12 of 2nd period - Wrist shot by Alex Beaucage.
2:12 of 2nd period - Deflect By Egor Sokolov.
2:12 of 2nd period - Shot Misses the Net.
2:12 of 2nd period - Puck is out of play.
2:13 of 2nd period - Dylan Holloway wins face-off versus Luke Kunin in Edmonton Oil Kings zone.
2:20 of 2nd period - Snap shot by Luke Kunin.
2:20 of 2nd period - Shot Blocked by Kale Clague.
2:22 of 2nd period - Wrist shot by Luke Kunin.
2:22 of 2nd period - Shot Blocked by Brett Kulak.
2:24 of 2nd period - Snap shot by Nils Hoglander.
2:24 of 2nd period - Shot Misses the Net.
2:26 of 2nd period - Snap shot by Luke Kunin.
2:26 of 2nd period - Shot Misses the Net.
2:28 of 2nd period - Wrist shot by Nils Hoglander.
2:28 of 2nd period - Goal by Nils Hoglander - Atlantic City Gamblers : 1 - Edmonton Oil Kings : 1.
2:29 of 2nd period - Dylan Holloway wins face-off versus Luke Kunin in neutral zone.
2:36 of 2nd period - Snap shot by Noah Gregor.
2:36 of 2nd period - Stopped by Isaiah Saville with a rebound.
2:38 of 2nd period - Slapshot by Noah Gregor.
2:38 of 2nd period - Deflect By Dylan Holloway.
2:38 of 2nd period - Stopped by Isaiah Saville without a rebound.
2:39 of 2nd period - Dylan Holloway wins face-off versus Luke Kunin in Atlantic City Gamblers zone.
2:48 of 2nd period - Snap shot by Dillon Dube.
2:48 of 2nd period - Stopped by Isaiah Saville with a rebound.
2:58 of 2nd period - Snap shot by Dillon Dube.
2:58 of 2nd period - Stopped by Isaiah Saville with a rebound.
3:00 of 2nd period - Slapshot by Jack Johnson.
3:00 of 2nd period - Deflect By Noah Gregor.
3:00 of 2nd period - Shot Misses the Net.
3:00 of 2nd period - Puck is out of play.
3:01 of 2nd period - Ryan McLeod wins face-off versus Jakub Lauko in Atlantic City Gamblers zone.
4:02 of 2nd period - Icing by Yegor Chinakhov.
4:03 of 2nd period - Tyler Angle wins face-off versus Jean-Luc Foudy in Atlantic City Gamblers zone.
4:04 of 2nd period - Snap shot by Joey Anderson.
4:04 of 2nd period - Stopped by Isaiah Saville with a rebound.
4:16 of 2nd period - Snap shot by Yegor Chinakhov.
4:16 of 2nd period - Stopped by Adam Huska with a rebound.
4:18 of 2nd period - Minor Penalty to Kale Clague for Tripping.
4:19 of 2nd period - Luke Kunin wins face-off versus Ryan McLeod in Edmonton Oil Kings zone.
4:20 of 2nd period - Snap shot by Nils Hoglander.
4:20 of 2nd period - Stopped by Adam Huska with a rebound.
4:51 of 2nd period - Mackenzie Entwistle is hit by Boris Katchouk and loses puck.
6:18 of 2nd period - Penalty to Kale Clague is over, Kale Clague is back on ice.
6:18 of 2nd period - Jack Johnson is hit by Egor Sokolov and loses puck.
6:23 of 2nd period - Snap shot by Egor Sokolov.
6:23 of 2nd period - Stopped by Adam Huska with a rebound.
6:35 of 2nd period - Slapshot by Kale Clague.
6:35 of 2nd period - Shot Misses the Net.
6:37 of 2nd period - Snap shot by Kale Clague.
6:37 of 2nd period - Stopped by Isaiah Saville with a rebound.
6:41 of 2nd period - Snap shot by Ryan McLeod.
6:41 of 2nd period - Stopped by Isaiah Saville without a rebound.
6:42 of 2nd period - Tyler Angle wins face-off versus Xavier Bernard in Atlantic City Gamblers zone.
6:49 of 2nd period - Morgan Barron is hit by Nick Henry and loses puck.
7:02 of 2nd period - Michael Vukojevic is hit by Noah Gregor and loses puck.
7:49 of 2nd period - Snap shot by Nick Henry.
7:49 of 2nd period - Shot Blocked by Kale Clague.
7:51 of 2nd period - Wrist shot by Nick Henry.
7:51 of 2nd period - Shot Misses the Net.
7:53 of 2nd period - Snap shot by Xavier Bernard.
7:53 of 2nd period - Goal by Xavier Bernard - Atlantic City Gamblers : 2 - Edmonton Oil Kings : 1.
7:54 of 2nd period - Jakub Lauko wins face-off versus Noah Gregor in neutral zone.
7:59 of 2nd period - Slapshot by Ty Smith.
7:59 of 2nd period - Stopped by Adam Huska without a rebound.
8:00 of 2nd period - Dylan Holloway wins face-off versus Jakub Lauko in Edmonton Oil Kings zone.
8:05 of 2nd period - Snap shot by Dillon Dube.
8:05 of 2nd period - Shot Misses the Net.
8:41 of 2nd period - Yegor Chinakhov is hit by Filip Zadina and loses puck.
9:00 of 2nd period - Wrist shot by Morgan Barron.
9:00 of 2nd period - Stopped by Isaiah Saville without a rebound.
9:01 of 2nd period - Dylan Holloway wins face-off versus Luke Kunin in Atlantic City Gamblers zone.
9:13 of 2nd period - Icing by Kale Clague.
9:14 of 2nd period - Jean-Luc Foudy wins face-off versus Dylan Holloway in Edmonton Oil Kings zone.
9:21 of 2nd period - Wrist shot by Yegor Chinakhov.
9:21 of 2nd period - Shot Misses the Net.
9:43 of 2nd period - Snap shot by Dillon Dube.
9:43 of 2nd period - Stopped by Isaiah Saville with a rebound.
9:45 of 2nd period - Wrist shot by Noah Gregor.
9:45 of 2nd period - Stopped by Isaiah Saville without a rebound.
9:46 of 2nd period - Alex Beaucage wins face-off versus Ryan McLeod in Atlantic City Gamblers zone.
9:51 of 2nd period - Snap shot by Egor Sokolov.
9:51 of 2nd period - Stopped by Adam Huska with a rebound.
10:13 of 2nd period - Slapshot by Joey Anderson.
10:13 of 2nd period - Stopped by Isaiah Saville with a rebound.
10:19 of 2nd period - Slapshot by Nils Hoglander.
10:19 of 2nd period - Shot Misses the Net.
10:21 of 2nd period - Snap shot by Nils Hoglander.
10:21 of 2nd period - Stopped by Adam Huska without a rebound.
10:22 of 2nd period - Filip Zadina wins face-off versus Jean-Luc Foudy in Edmonton Oil Kings zone.
10:29 of 2nd period - Wrist shot by Dawson Mercer.
10:29 of 2nd period - Shot Blocked by Cam Dineen.
10:31 of 2nd period - Slapshot by Gabriel Carlsson.
10:31 of 2nd period - Shot Blocked by Ronald Attard.
10:33 of 2nd period - Slapshot by Gabriel Carlsson.
10:33 of 2nd period - Deflect By Boris Katchouk.
10:33 of 2nd period - Stopped by Isaiah Saville with a rebound.
10:35 of 2nd period - Wrist shot by Dawson Mercer.
10:35 of 2nd period - Stopped by Isaiah Saville with a rebound.
10:37 of 2nd period - Backhand shot by Jack Johnson.
10:37 of 2nd period - Deflect By Ryan McLeod.
10:37 of 2nd period - Shot Misses the Net.
10:37 of 2nd period - Puck is out of play.
10:38 of 2nd period - Luke Kunin wins face-off versus Dylan Holloway in Atlantic City Gamblers zone.
10:49 of 2nd period - Slapshot by Luke Kunin.
10:49 of 2nd period - Stopped by Adam Huska with a rebound.
10:51 of 2nd period - Snap shot by Ronald Attard.
10:51 of 2nd period - Shot Blocked by Dillon Dube.
10:53 of 2nd period - Slapshot by Nils Hoglander.
10:53 of 2nd period - Deflect By Dillon Dube.
10:53 of 2nd period - Shot Misses the Net.
10:53 of 2nd period - Puck is out of play.
10:54 of 2nd period - Jakub Lauko wins face-off versus Tyler Angle in Edmonton Oil Kings zone.
11:29 of 2nd period - Snap shot by Luke Kunin.
11:29 of 2nd period - Stopped by Adam Huska without a rebound.
11:30 of 2nd period - Jean-Luc Foudy wins face-off versus Dylan Holloway in Edmonton Oil Kings zone.
11:55 of 2nd period - Snap shot by Yegor Chinakhov.
11:55 of 2nd period - Deflect By Dawson Mercer.
11:55 of 2nd period - Shot Blocked by Ryan McLeod.
11:55 of 2nd period - Puck is out of play.
11:56 of 2nd period - Jakub Lauko wins face-off versus Ryan McLeod in Edmonton Oil Kings zone.
12:15 of 2nd period - Filip Zadina is hit by Ronald Attard and loses puck.
12:24 of 2nd period - Filip Zadina is hit by Jakub Lauko and loses puck.
12:31 of 2nd period - Snap shot by Filip Zadina.
12:31 of 2nd period - Deflect By Dawson Mercer.
12:31 of 2nd period - Shot Blocked by Jakub Lauko.
12:31 of 2nd period - Puck is out of play.
12:32 of 2nd period - Luke Kunin wins face-off versus Dylan Holloway in Atlantic City Gamblers zone.
12:51 of 2nd period - Jack Johnson is hit by Luke Kunin and loses puck.
13:30 of 2nd period - Slapshot by Mark Pysyk.
13:30 of 2nd period - Stopped by Isaiah Saville with a rebound.
13:48 of 2nd period - Josh Mahura is hit by Callan Foote and loses puck.
14:09 of 2nd period - Ty Smith is hit by Mark Pysyk and loses puck.
14:48 of 2nd period - Slapshot by Joey Anderson.
14:48 of 2nd period - Deflect By Nick Henry.
14:48 of 2nd period - Stopped by Isaiah Saville with a rebound.
15:03 of 2nd period - Icing by Joey Anderson.
15:04 of 2nd period - Jakub Lauko wins face-off versus Tyler Angle in Edmonton Oil Kings zone.
15:23 of 2nd period - Off-side.
15:24 of 2nd period - Dillon Dube wins face-off versus Jean-Luc Foudy in neutral zone.
16:08 of 2nd period - Wrist shot by Mark Pysyk.
16:08 of 2nd period - Shot Misses the Net.
16:10 of 2nd period - Slapshot by Mark Pysyk.
16:10 of 2nd period - Stopped by Isaiah Saville with a rebound.
16:12 of 2nd period - Wrist shot by Mackenzie Entwistle.
16:12 of 2nd period - Shot Blocked by Egor Sokolov.
16:34 of 2nd period - Wrist shot by Joey Anderson.
16:34 of 2nd period - Shot Misses the Net.
16:36 of 2nd period - Snap shot by Jack Johnson.
16:36 of 2nd period - Deflect By Michael Vukojevic.
16:36 of 2nd period - Stopped by Isaiah Saville with a rebound.
16:38 of 2nd period - Slapshot by Joey Anderson.
16:38 of 2nd period - Shot Misses the Net.
17:07 of 2nd period - Slapshot by Yegor Chinakhov.
17:07 of 2nd period - Goal by Yegor Chinakhov - Atlantic City Gamblers : 3 - Edmonton Oil Kings : 1.
17:08 of 2nd period - Jean-Luc Foudy wins face-off versus Dylan Holloway in neutral zone.
17:44 of 2nd period - Wrist shot by Cody Glass.
17:44 of 2nd period - Shot Misses the Net.
17:56 of 2nd period - Wrist shot by Joey Anderson.
17:56 of 2nd period - Stopped by Isaiah Saville with a rebound.
17:58 of 2nd period - Snap shot by Tyler Angle.
17:58 of 2nd period - Shot Blocked by Layton Ahac.
18:00 of 2nd period - Slapshot by Jack Johnson.
18:00 of 2nd period - Stopped by Isaiah Saville with a rebound.
18:02 of 2nd period - Wrist shot by Tyler Angle.
18:02 of 2nd period - Shot Blocked by Ronald Attard.
18:04 of 2nd period - Wrist shot by Morgan Barron.
18:04 of 2nd period - Stopped by Isaiah Saville without a rebound.
18:05 of 2nd period - Dylan Holloway wins face-off versus Luke Kunin in Atlantic City Gamblers zone.
18:06 of 2nd period - Snap shot by Noah Gregor.
18:06 of 2nd period - Stopped by Isaiah Saville with a rebound.
18:30 of 2nd period - Brett Kulak is hit by Jakub Lauko and loses puck.
18:37 of 2nd period - Wrist shot by Egor Sokolov.
18:37 of 2nd period - Stopped by Adam Huska with a rebound.
18:39 of 2nd period - Wrist shot by Jakub Lauko.
18:39 of 2nd period - Shot Misses the Net.
18:41 of 2nd period - Slapshot by Alex Beaucage.
18:41 of 2nd period - Shot Misses the Net.
18:43 of 2nd period - Snap shot by Jakub Lauko.
18:43 of 2nd period - Stopped by Adam Huska with a rebound.
18:55 of 2nd period - Filip Zadina is hit by Jean-Luc Foudy and loses puck.
19:39 of 2nd period - Snap shot by Cody Glass.
19:39 of 2nd period - Deflect By Mackenzie Entwistle.
19:39 of 2nd period - Stopped by Adam Huska with a rebound.
19:47 of 2nd period - Wrist shot by Jack Johnson.
19:47 of 2nd period - Shot Blocked by Cody Glass.
Goals for this period are 3 for Atlantic City Gamblers vs 0 for Edmonton Oil Kings.
Shots for this period are 14 for Atlantic City Gamblers vs 22 for Edmonton Oil Kings.
3rd period
0:01 of 3rd period - Dylan Holloway wins face-off versus Yegor Chinakhov in neutral zone.
0:06 of 3rd period - Slapshot by Mark Pysyk.
0:06 of 3rd period - Shot Misses the Net.
0:16 of 3rd period - Josh Mahura is hit by Callan Foote.
0:26 of 3rd period - Ty Smith is hit by Josh Mahura and loses puck.
0:57 of 3rd period - Wrist shot by Alex Beaucage.
0:57 of 3rd period - Shot Misses the Net.
0:59 of 3rd period - Snap shot by Alex Beaucage.
0:59 of 3rd period - Stopped by Adam Huska with a rebound.
1:15 of 3rd period - Snap shot by Mark Pysyk.
1:15 of 3rd period - Shot Blocked by Michael Vukojevic.
1:25 of 3rd period - Nikita Alexandrov is hit by Michael Vukojevic and loses puck.
1:46 of 3rd period - Backhand shot by Jean-Luc Foudy.
1:46 of 3rd period - Shot Blocked by Josh Mahura.
2:00 of 3rd period - Snap shot by Dawson Mercer.
2:00 of 3rd period - Shot Blocked by Ty Smith.
2:02 of 3rd period - Slapshot by Mark Pysyk.
2:02 of 3rd period - Stopped by Isaiah Saville with a rebound.
2:45 of 3rd period - Slapshot by Cam Dineen.
2:45 of 3rd period - Stopped by Adam Huska with a rebound.
2:47 of 3rd period - Slapshot by Ronald Attard.
2:47 of 3rd period - Stopped by Adam Huska with a rebound.
2:49 of 3rd period - Snap shot by Nick Henry.
2:49 of 3rd period - Goal by Nick Henry - Atlantic City Gamblers : 4 - Edmonton Oil Kings : 1.
2:50 of 3rd period - Jean-Luc Foudy wins face-off versus Dylan Holloway in neutral zone.
3:01 of 3rd period - Snap shot by Yegor Chinakhov.
3:01 of 3rd period - Goal by Yegor Chinakhov - Atlantic City Gamblers : 5 - Edmonton Oil Kings : 1.
3:02 of 3rd period - Luke Kunin wins face-off versus Dylan Holloway in neutral zone.
3:13 of 3rd period - Snap shot by Luke Kunin.
3:13 of 3rd period - Shot Blocked by Dillon Dube.
3:15 of 3rd period - Snap shot by Ronald Attard.
3:15 of 3rd period - Deflect By Noah Gregor.
3:15 of 3rd period - Stopped by Adam Huska without a rebound.
3:16 of 3rd period - Jean-Luc Foudy wins face-off versus Ryan McLeod in Edmonton Oil Kings zone.
3:17 of 3rd period - Snap shot by Yegor Chinakhov.
3:17 of 3rd period - Shot Blocked by Dawson Mercer.
3:19 of 3rd period - Slapshot by Ronald Attard.
3:19 of 3rd period - Shot Blocked by Gabriel Carlsson.
3:21 of 3rd period - Slapshot by Yegor Chinakhov.
3:21 of 3rd period - Stopped by Adam Huska with a rebound.
3:23 of 3rd period - Slapshot by Yegor Chinakhov.
3:23 of 3rd period - Shot Misses the Net.
3:25 of 3rd period - Slapshot by Jean-Luc Foudy.
3:25 of 3rd period - Deflect By Yegor Chinakhov.
3:25 of 3rd period - Shot Misses the Net.
3:25 of 3rd period - Puck is out of play.
3:26 of 3rd period - Jean-Luc Foudy wins face-off versus Ryan McLeod in Edmonton Oil Kings zone.
3:29 of 3rd period - Snap shot by Yegor Chinakhov.
3:29 of 3rd period - Stopped by Adam Huska with a rebound.
3:31 of 3rd period - Snap shot by Cam Dineen.
3:31 of 3rd period - Shot Misses the Net.
3:35 of 3rd period - Snap shot by Yegor Chinakhov.
3:35 of 3rd period - Shot Misses the Net.
3:37 of 3rd period - Snap shot by Boris Katchouk.
3:37 of 3rd period - Stopped by Adam Huska without a rebound.
3:38 of 3rd period - Dylan Holloway wins face-off versus Luke Kunin in Edmonton Oil Kings zone.
3:47 of 3rd period - Wrist shot by Noah Gregor.
3:47 of 3rd period - Stopped by Isaiah Saville with a rebound.
4:34 of 3rd period - Wrist shot by Nick Henry.
4:34 of 3rd period - Shot Misses the Net.
4:46 of 3rd period - Tyler Angle is hit by Ronald Attard and loses puck.
4:53 of 3rd period - Xavier Bernard is hit by Morgan Barron.
6:12 of 3rd period - Slapshot by Ronald Attard.
6:12 of 3rd period - Stopped by Adam Huska with a rebound.
6:41 of 3rd period - Wrist shot by Morgan Barron.
6:41 of 3rd period - Stopped by Isaiah Saville without a rebound.
6:42 of 3rd period - Luke Kunin wins face-off versus Dylan Holloway in Atlantic City Gamblers zone.
7:07 of 3rd period - Brett Kulak is hit by Callan Foote and loses puck.
7:16 of 3rd period - Snap shot by Yegor Chinakhov.
7:16 of 3rd period - Shot Misses the Net.
7:18 of 3rd period - Wrist shot by Boris Katchouk.
7:18 of 3rd period - Stopped by Adam Huska with a rebound.
7:20 of 3rd period - Slapshot by Yegor Chinakhov.
7:20 of 3rd period - Stopped by Adam Huska with a rebound.
7:32 of 3rd period - Alex Beaucage is hit by Mackenzie Entwistle and loses puck.
7:43 of 3rd period - Snap shot by Connor McMichael.
7:43 of 3rd period - Shot Blocked by Michael Vukojevic.
8:42 of 3rd period - Michael Vukojevic is hit by Brett Kulak and loses puck.
11:46 of 3rd period - Icing by Jack Johnson.
11:47 of 3rd period - Jean-Luc Foudy wins face-off versus Ryan McLeod in Edmonton Oil Kings zone.
13:20 of 3rd period - Icing by Michael Vukojevic.
13:21 of 3rd period - Nikita Alexandrov wins face-off versus Nils Hoglander in Atlantic City Gamblers zone.
13:43 of 3rd period - Off-side.
13:44 of 3rd period - Dylan Holloway wins face-off versus Jakub Lauko in neutral zone.
14:35 of 3rd period - Snap shot by Joey Anderson.
14:35 of 3rd period - Stopped by Isaiah Saville without a rebound.
14:36 of 3rd period - Tyler Angle wins face-off versus Nick Henry in Atlantic City Gamblers zone.
15:33 of 3rd period - Wrist shot by Luke Kunin.
15:33 of 3rd period - Shot Misses the Net.
15:47 of 3rd period - Wrist shot by Connor McMichael.
15:47 of 3rd period - Stopped by Isaiah Saville with a rebound.
15:49 of 3rd period - Wrist shot by Nikita Alexandrov.
15:49 of 3rd period - Shot Misses the Net.
15:51 of 3rd period - Snap shot by Mackenzie Entwistle.
15:51 of 3rd period - Stopped by Isaiah Saville with a rebound.
15:55 of 3rd period - Wrist shot by Mackenzie Entwistle.
15:55 of 3rd period - Deflect By Connor McMichael.
15:55 of 3rd period - Shot Blocked by Michael Vukojevic.
15:55 of 3rd period - Puck is out of play.
15:56 of 3rd period - Dylan Holloway wins face-off versus Jean-Luc Foudy in Atlantic City Gamblers zone.
16:05 of 3rd period - Snap shot by Noah Gregor.
16:05 of 3rd period - Shot Blocked by Yegor Chinakhov.
16:07 of 3rd period - Wrist shot by Dylan Holloway.
16:07 of 3rd period - Stopped by Isaiah Saville with a rebound.
16:09 of 3rd period - Snap shot by Noah Gregor.
16:09 of 3rd period - Stopped by Isaiah Saville with a rebound.
16:11 of 3rd period - Snap shot by Dillon Dube.
16:11 of 3rd period - Stopped by Isaiah Saville with a rebound.
16:17 of 3rd period - Minor Penalty to Callan Foote for Tripping.
16:18 of 3rd period - Luke Kunin wins face-off versus Ryan McLeod in Atlantic City Gamblers zone.
16:28 of 3rd period - Minor Penalty to Nils Hoglander for High sticking.
16:29 of 3rd period - Ryan McLeod wins face-off versus Luke Kunin in Atlantic City Gamblers zone.
16:39 of 3rd period - Wrist shot by Ryan McLeod.
16:39 of 3rd period - Shot Misses the Net.
18:17 of 3rd period - Penalty to Callan Foote is over, Callan Foote is back on ice.
18:28 of 3rd period - Penalty to Nils Hoglander is over, Nils Hoglander is back on ice.
18:38 of 3rd period - Mackenzie Entwistle is hit by Xavier Bernard.
18:46 of 3rd period - Slapshot by Ty Smith.
18:46 of 3rd period - Shot Misses the Net.
19:42 of 3rd period - Snap shot by Ronald Attard.
19:42 of 3rd period - Shot Misses the Net.
Goals for this period are 2 for Atlantic City Gamblers vs 0 for Edmonton Oil Kings.
Shots for this period are 12 for Atlantic City Gamblers vs 9 for Edmonton Oil Kings.
Back to the Top